AoeStats
← Abetterhandle

Fortress

508396610Analyzed
3v3 RM · 11d ago on Sep 22, 2026· 51m 39s· 6 players
Game mode
Random Map
Map size
Large (8 player)
Population
200
Speed
Normal
Resources
Standard
Victory
Conquest
Starting age
Dark Age
Ending age
Imperial Age
RankedLock teamsTeams togetherTeam positionsShared explorationLock speedFull tech treeHidden civsTurbo modeCheats
Victory
Defeat
🇵🇱 Teutons · Poland
983
+17
🇬🇧 Mongols · United Kingdom
925
+19
🇮🇱 Goths · Israel
911
+20
🇩🇪 Chinese · Germany
1071
-22
🇨🇳 Koreans · China
993
-18
🇳🇿 Bulgarians · New Zealand
934
-16
Andrzej
7:18 Feudal Age
12:05 Castle Age
9:59 Double-Bit Axe
10:44 Horse Collar
12:20 Wheelbarrow
19:02 Forging
18:53 Scale Mail Armor
23:21 Chain Mail Armor
23:42 Iron Casting
23:13 Town Watch
30:30 Imperial Age
28:16 Hand Cart
30:24 Bow Saw
30:16 Heavy Plow
30:48 Padded Archer Armor
30:39 Fletching
31:02 Gold Mining
31:02 Stone Mining
31:44 Conscription
32:33 Theocracy
32:30 Illumination
32:23 Block Printing
32:20 Fervor
32:35 Sanctity
33:02 Crenellations
36:03 Leather Archer Armor
35:43 Bodkin Arrow
36:43 Elite Skirmisher
41:26 Chemistry
42:05 Crossbowman
43:35 Ring Archer Armor
43:30 Ballistics
44:30 Plate Mail Armor
realpuledi
7:34 Feudal Age
12:21 Castle Age
10:15 Horse Collar
11:15 Double-Bit Axe
13:59 Heavy Plow
14:15 Bow Saw
18:17 Fletching
18:53 Bodkin Arrow
21:42 Padded Archer Armor
23:10 Ballistics
23:50 Loom
24:40 Wheelbarrow
23:58 Gold Mining
24:17 Husbandry
24:28 Bloodlines
25:07 Leather Archer Armor
25:43 Gold Shaft Mining
27:38 Masonry
28:21 Hand Cart
33:15 Imperial Age
31:07 Forging
32:35 Scale Barding Armor
33:05 Iron Casting
31:53 Light Cavalry
33:26 Elite Mangudai
33:45 Hussar
35:39 Bracer
36:41 Chemistry
38:07 Thumb Ring
38:40 Drill
41:07 Capped Ram
41:30 Elite Skirmisher
44:04 Blast Furnace
43:25 Chain Barding Armor
43:23 Fortified Wall
43:50 Siege Ram
45:03 Caravan
Athegamer
0:34 Loom
9:49 Feudal Age
10:15 Double-Bit Axe
16:25 Castle Age
14:55 Horse Collar
17:25 Heavy Plow
17:36 Bow Saw
17:30 Gold Mining
20:28 Squires
21:08 Wheelbarrow
21:17 Town Watch
22:06 Town Watch
23:59 Scale Mail Armor
26:22 Fletching
26:50 Chain Mail Armor
26:28 Fletching
28:21 Forging
28:00 Town Watch
28:11 Stone Mining
29:51 Iron Casting
29:35 Masonry
34:38 Imperial Age
33:55 Pikeman
34:46 Elite Huskarl
36:58 Ballistics
37:38 Chemistry
38:53 Conscription
38:35 Perfusion
39:10 Guilds
41:23 Anarchy
42:27 Blast Furnace
42:45 Theocracy
43:17 Caravan
44:15 Bodkin Arrow
48:16 Sanctity
50:47 Architecture
51:02 Man-at-Arms
51:14 Sappers
crazy hippo
7:24 Feudal Age
7:58 Double-Bit Axe
15:28 Castle Age
15:12 Forging
16:24 Crossbowman
22:43 Fletching
27:58 Eupseong
28:12 Gold Mining
28:33 Bow Saw
28:25 Horse Collar
28:49 Squires
31:47 Iron Casting
36:33 Imperial Age
36:21 Husbandry
36:32 Scale Barding Armor
39:26 Imperial Age
38:21 Chain Barding Armor
38:10 Heavy Plow
38:03 Town Watch
38:53 Wheelbarrow
39:47 Cavalier
44:22 Conscription
spicyP
0:49 Loom
8:33 Feudal Age
9:41 Horse Collar
12:15 Castle Age
9:57 Horse Collar
12:56 Double-Bit Axe
13:33 Heavy Plow
19:24 Wheelbarrow
19:52 Fletching
20:15 Bodkin Arrow
20:24 Padded Archer Armor
22:09 Bow Saw
23:06 Leather Archer Armor
23:24 Hand Cart
22:55 Town Watch
24:42 Ballistics
27:49 Gold Mining
27:50 Stone Mining
30:39 Imperial Age
28:21 Forging
28:43 Coinage
28:45 Fortified Wall
28:52 Town Patrol
29:16 Thumb Ring
32:24 Chemistry
31:51 Conscription
31:49 Bloodlines
30:59 Light Cavalry
31:41 Husbandry
31:48 Scale Barding Armor
32:24 Bracer
33:16 Iron Casting
33:02 Chain Barding Armor
34:40 Blast Furnace
35:17 Plate Barding Armor
35:36 Cavalier
36:48 Ring Archer Armor
38:00 Masonry
38:30 Rocketry
39:33 Architecture
40:44 Guard Tower
40:41 Arrowslits
42:41 Keep
44:43 Elite Chu Ko Nu
Abetterhandle
1:58 Loom
7:21 Feudal Age
7:47 Double-Bit Axe
7:59 Gold Mining
14:07 Castle Age
16:07 Forging
18:37 Iron Casting
22:08 Fletching
30:13 Horse Collar
34:16 Imperial Age
31:58 Squires
34:33 Town Watch
36:22 Scale Barding Armor
38:12 Blast Furnace
37:34 Heavy Plow
38:46 Conscription
40:12 Stirrups
Connection lost

Rejoining the realm…

Still unreachable

The connection could not be restored.

Session expired

The server has moved on; the page needs a fresh start.